 Dungeon Crawl Stone Soup version 0.22-a0-877-g5c4e1af (webtiles) character file.

5471 vierth the Severer (level 10, -7/92 (93) HPs)
             Began as a Hill Orc Fighter on July 29, 2018.
             Was a Priest of Trog.
             Mangled by an ogre
             ... wielding a +0 giant spiked club
              (11 damage)
             ... on level 9 of the Dungeon.
             The game lasted 00:25:30 (9443 turns).

vierth the Severer (Hill Orc Fighter)               Turns: 9443, Time: 00:25:31

HP:   -7/92 (93)    AC: 14    Str: 23    XL:     10   Next: 69%
MP:   19/19         EV:  4    Int:  8    God:    Trog [***...]
Gold: 475           SH:  9    Dex: 10    Spells: 9/9 levels left

rFire    . . .     SeeInvis .   y - +7 hand axe of Debt {chop, MP+9}
rCold    . . .     Gourm    .   c - +0 shield
rNeg     . . .     Faith    .   F - +0 plate armour
rPois    .         Spirit   .   h - +1 hat
rElec    .         Reflect  .   O - scarf {repulsion}
rCorr    .         Harm     .   (no gloves)
MR       .....                  q - +0 pair of boots
Stlth    ..........             b - amulet of the acrobat
HPRegen  0.25/turn              (no ring)
MPRegen  0.16/turn              (no ring)

@: berserk cooldown, slowed, repel missiles, very slow
A: no striking features
a: Berserk, Trog's Hand, Renounce Religion


You were on level 9 of the Dungeon.
You worshipped Trog.
Trog was most pleased with you.
You were not hungry.

You visited 1 branch of the dungeon, and saw 9 of its levels.
You also visited: Sewer.

You collected 475 gold pieces.

Inventory:

Hand Weapons
 a - a +0 war axe
 y - the +7 hand axe of Debt (weapon) {chop, MP+9}
   (You found it on level 5 of the Dungeon)

   It inflicts extra damage upon your enemies.
   It affects your magic capacity (+9).
 B - a +4 morningstar
 L - a +0 battleaxe
Armour
 c - a +0 shield (worn)
 h - a +1 hat (worn)
 q - a +0 pair of boots (worn)
 v - a +0 cloak
 F - a +0 plate armour (worn)
 O - a scarf of repulsion (worn)
Jewellery
 b - an amulet of the acrobat (around neck)
Wands
 D - a wand of random effects (25)
 H - a wand of disintegration (9)
 I - a wand of scattershot (4)
 J - a wand of clouds (4)
Scrolls
 g - a scroll of fear {unknown}
 i - 11 scrolls of identify {unknown}
 j - 2 scrolls of noise {unknown}
 l - 5 scrolls of teleportation
 o - 2 scrolls of amnesia {unknown}
 t - 3 scrolls of remove curse {unknown}
 u - 2 scrolls of enchant armour {unknown}
 x - a scroll of blinking {unknown}
 z - a scroll of silence {unknown}
 C - a scroll of fog {unknown}
 G - a scroll of summoning {unknown}
Potions
 d - 2 potions of might
 e - 4 potions of curing {unknown}
 k - 2 potions of lignification {unknown}
 m - 2 potions of degeneration {unknown}
 n - 2 potions of cancellation {unknown}
 p - 2 potions of mutation {unknown}
 r - 5 potions of flight
 s - 3 potions of brilliance {unknown}
 A - a potion of invisibility {unknown}
 E - 2 potions of heal wounds {unknown}
 K - 3 potions of magic {unknown}
 M - a potion of berserk rage {unknown}
 N - a potion of haste {unknown}
Comestibles
 f - 6 rations


   Skills:
 + Level 9.8 Fighting
 - Level 16.0 Axes
 + Level 5.5 Armour
 - Level 3.2 Shields


You had 9 spell levels left.
You didn't know any spells.
Your spell library was empty.

Dungeon Overview and Level Annotations

Branches:
Dungeon (9/15)             Temple (0/1) D:6
   Lair: D:8-11         Orc: D:9-12

Altars:
Ashenzari
Dithmenos
Elyvilon
Fedhas
Nemelex Xobeh
Sif Muna
Trog
Wu Jian
Xom
The Shining One

Shops:
D:5 !

Annotations:
D:4 1 runed door, anything's ghost, amateur CeHu


Message History

A hound comes into view.
You hit the centaur warrior.
The centaur warrior is lightly wounded.
You hit the ogre. You hit the hound. The hound completely misses you.
The centaur barely misses you.
The centaur warrior hits you but does no damage.
The ogre hits you with a giant spiked club!
* * * LOW HITPOINT WARNING * * *
The hound bites you but does no damage.
The centaur warrior hits you but does no damage.
You block the centaur's attack.
You barely miss the ogre.
The ogre is heavily wounded.
Your plate armour prevents you from hitting the centaur warrior.
You hit the hound. You block the hound's attack. The centaur warrior hits you.
* * * LOW HITPOINT WARNING * * *
The centaur hits you from afar with a faintly glowing halberd {chop}!
* * * LOW HITPOINT WARNING * * *
x2 The ogre hits you with a giant spiked club!
You die...

#..# #.$## ####...
#### ......?##..###
#.(#....### ####
##(#.#....### ....
#(#.†#.#...###...#
#(#.#.#.#.....##.#
#@h..#.#...###...#
#cO.#....###...#.#
#ch.....###...###.#
...##..###....###...
####
####...#......## ...
######... ## ##.#
#####.# .......


You could see a centaur warrior, an ogre, a centaur and 2 hounds.

Vanquished Creatures
  Harold (D:8)
  A two-headed ogre (D:9)
  A hippogriff (D:7)
  A steam dragon (D:8)
  Menkaure (D:6)
  3 orc warriors
  A necrophage (D:5)
  A sky beast (D:6)
  2 phantoms
  An ice beast (D:5)
  6 ogres
  A big kobold (D:7)
  4 bullfrogs
  4 scorpions
  A wyvern skeleton (D:9)
  A water moccasin skeleton (D:6)
  6 killer bees (D:6)
  9 wights
  4 crimson imps
  A bullfrog zombie (D:2)
  4 hounds
  3 jellies
  3 orc priests
  3 iguanas (D:8)
  Terence (D:2)
  A merfolk avatar (Sewer)
  A merfolk siren (Sewer)
  3 orc wizards (D:7)
  5 worker ants
  A worker ant zombie (D:5)
  7 gnolls
  14 adders
  A river rat (Sewer)
  5 shadow imps
  2 adder skeletons
  2 adder zombies
  A worm (D:3)
  A dart slug (D:3)
  10 leopard geckos
  17 orcs
  5 bats
  8 giant cockroaches
  13 goblins
  18 hobgoblins
  18 jackals
  5 quokkas
  10 ball pythons
  9 frilled lizards
  A jackal skeleton (D:4)
  21 kobolds
  29 rats
272 creatures vanquished.

Vanquished Creatures (others)
  A quokka (D:9)
  A ball python (D:3)
2 creatures vanquished.

Grand Total: 274 creatures vanquished

Notes
Turn   | Place    | Note
-------+----------+-------------------------------------------
     0 | D:1      | vierth the Hill Orc Fighter began the quest for the Orb.
     0 | D:1      | Reached XP level 1. HP: 19/19 MP: 1/1
    56 | D:1      | Reached skill level 3 in Axes
   314 | D:1      | Reached XP level 2. HP: 23/26 MP: 2/2
   384 | D:1      | Reached skill level 4 in Axes
   665 | D:1      | Reached XP level 3. HP: 30/31 MP: 3/3
  1029 | D:2      | Noticed Terence
  1038 | D:2      | Reached skill level 5 in Axes
  1040 | D:2      | Killed Terence
  1040 | D:2      | Reached XP level 4. HP: 34/39 MP: 4/4
  1140 | D:2      | Reached skill level 6 in Axes
  1402 | D:2      | Reached XP level 5. HP: 44/45 MP: 5/5
  1854 | D:3      | Found a glowing golden altar of the Shining One.
  1858 | D:3      | Found a shimmering altar of Xom.
  1866 | D:3      | Reached skill level 7 in Axes
  2446 | D:3      | Found a white marble altar of Elyvilon.
  2617 | D:4      | Noticed an ogre
  2619 | D:4      | Found a glowing drain.
  2627 | D:4      | Killed an ogre
  2627 | D:4      | Reached skill level 8 in Axes
  2627 | D:4      | Reached XP level 6. HP: 28/51 MP: 6/6
  2711 | Sewer    | Entered a sewer
  3064 | Sewer    | Reached skill level 9 in Axes
  3537 | D:4      | Reached XP level 7. HP: 24/57 MP: 7/7
  3909 | D:4      | Found a runed door.
  3910 | D:4      | Noticed anything's ghost (amateur CeHu)
  3911 | D:4      | Found the +0 pair of fencer's gloves {+Riposte Dex+3}
  4029 | D:4      | Reached skill level 10 in Axes
  4789 | D:5      | Entered Level 5 of the Dungeon
  4872 | D:5      | Got a dazzling trident
  4873 | D:5      | Identified the +3 trident of the Old World {antimagic, *Noise rF+++ Str-5 Stlth+} (You found it on level 5 of the Dungeon)
  4898 | D:5      | Reached skill level 11 in Axes
  5226 | D:5      | Reached XP level 8. HP: 60/63 MP: 8/8
  5258 | D:5      | Got a scorched hand axe
  5259 | D:5      | Identified the +7 hand axe of Debt {chop, MP+9} (You found it on level 5 of the Dungeon)
  5476 | D:5      | Reached skill level 12 in Axes
  5496 | D:5      | Found a sparkling altar of Nemelex Xobeh.
  5594 | D:5      | Found a blossoming altar of Fedhas.
  5600 | D:5      | Found a bloodstained altar of Trog.
  5601 | D:5      | Found an ornate altar of the Wu Jian Council.
  5611 | D:5      | Became a worshipper of Trog the Wrathful
  5711 | D:5      | Found Zeegag's Distillery.
  5861 | D:6      | Found a shattered altar of Ashenzari.
  5983 | D:6      | Found a staircase to the Ecumenical Temple.
  6036 | D:6      | Reached skill level 13 in Axes
  6262 | D:6      | Reached * piety under Trog
  6441 | D:6      | Reached skill level 14 in Axes
  6441 | D:6      | Reached XP level 9. HP: 69/69 MP: 9/9
  6486 | D:6      | Noticed Menkaure
  6494 | D:6      | Killed Menkaure
  6695 | D:6      | Found a deep blue altar of Sif Muna.
  6881 | D:6      | Reached skill level 15 in Axes
  7651 | D:7      | Reached ** piety under Trog
  7786 | D:7      | Found a shadowy altar of Dithmenos.
  7858 | D:7      | Reached skill level 16 in Axes
  7998 | D:7      | Reached skill level 5 in Fighting
  8150 | D:7      | Reached XP level 10. HP: 78/83 MP: 10/10
  8346 | D:8      | Noticed Harold
  8366 | D:8      | Killed Harold
  8775 | D:8      | Found a bloodstained altar of Trog.
  9415 | D:9      | Reached *** piety under Trog
  9427 | D:9      | Noticed a two-headed ogre
  9431 | D:9      | Noticed a centaur warrior
  9434 | D:9      | Killed a two-headed ogre
  9434 | D:9      | Reached skill level 5 in Armour
  9443 | D:9      | HP: 4/92 [centaur/faintly glowing halberd {chop} (3)]
  9443 | D:9      | Mangled by an ogre

Vault maps used:
D:1:      dpeg_arrival_boxes_within_box, serial_co_window_serial,
          co_window_paths_b, co_window_corner_a, co_window_of_opportunity_a,
          co_window_of_opportunity_a, co_window_paths_a, co_window_paths_a,
          co_window_of_opportunity_a, co_window_paths_c, co_window_2corner,
          co_window_unsneaky_path_b, glass_columns_a, glass_columns_b
D:2:      uniq_terence
D:3:      elyvilon_altar_4, grunt_temple_overflow_open
D:4:      ebering_ghost_inner_flame, portal_sewer_entry_f
D:5:      corexii_shantytown, minitemple, first_ration, serial_shops,
          kennysheep_mini_moat, minmay_misc_feat_hallway,
          nemelex_spade_bored_becter
D:6:      nicolae_overflow_crystal_walls, minmay_temple_entry_poolview,
          nicolae_ashenzari_panopticon, uniq_menkaure
D:7:      lemuel_crystal_altar
D:8:      basic_altar, uniq_harold
D:9:      minmay_the_grid_four_pointed_star, nicolae_ru_the_path_less_chosen
Sewer:    sewer_sea

Skill      XL: |  1  2  3  4  5  6  7  8  9 10 |
---------------+-------------------------------+-----
Axes           | 3 4 5 6 8 9 11 14 16 | 16.0
Fighting       | 6 9 |  9.8
Armour         | 5 |  5.5
Shields        | |  3.2

Action                   |  1- 3 |  4- 6 |  7- 9 | 10-12 || total
-------------------------+-------+-------+-------+-------++-------
Melee: War axe           |    90 |   263 |    85 |       ||   438
       Hand axe          |       |       |   269 |    91 ||   360
Invok: Berserk           |       |       |     1 |     2 ||     3
  Eat: Chunk             |       |     9 |     4 |     2 ||    15
       Ration            |       |       |     3 |     2 ||     5
Armor: Scale mail        |    50 |   111 |     9 |       ||   170
       Chain mail        |       |       |    75 |       ||    75
       Plate armour      |       |       |    18 |    20 ||    38
Dodge: Dodged            |    29 |    77 |    51 |    17 ||   174
Block: Shield            |    45 |   109 |   109 |    35 ||   298

Table legend:
 A = Spawn XP
 B = Non-spawn XP
 C = Spawn XP percentage of total XP
 D = Spawn monster count
 E = Non-spawn monster count
 F = Spawn count percentage of total count
 G = Total turns spent on level
                    A         B        C        D         E        F      G
               +---------+---------+-------+---------+---------+-------+---------
         Total |       0 |    7817 |   0.0 |       0 |     272 |   0.0 |  9443
               +---------+---------+-------+---------+---------+-------+---------
           D:1 |       0 |      43 |   0.0 |       0 |      24 |   0.0 |   940
           D:2 |       0 |     132 |   0.0 |       0 |      25 |   0.0 |   792
           D:3 |       0 |      71 |   0.0 |       0 |      17 |   0.0 |   833
           D:4 |       0 |     412 |   0.0 |       0 |      22 |   0.0 |  1603
           D:5 |       0 |     700 |   0.0 |       0 |      47 |   0.0 |  1094
           D:6 |       0 |    1793 |   0.0 |       0 |      38 |   0.0 |  1706
           D:7 |       0 |    1439 |   0.0 |       0 |      33 |   0.0 |   698
           D:8 |       0 |    1849 |   0.0 |       0 |      17 |   0.0 |  1070
           D:9 |       0 |    1226 |   0.0 |       0 |      10 |   0.0 |    86
         Sewer |       0 |     152 |   0.0 |       0 |      39 |   0.0 |   621
               +---------+---------+-------+---------+---------+-------+---------
